 Dungeon Crawl Stone Soup version 0.28-a0-309-gf6d37e6e1d (webtiles) character file.

Game seed: 8113114956022331666

1761 Majang the Skirmisher (level 9, 0/93 HPs)
             Began as an Ogre Delver on Aug 30, 2021.
             Was an Initiate of Qazlal.
             Slain by a two-headed ogre (22 damage)
             ... on level 6 of the Dungeon.
             The game lasted 00:29:22 (6924 turns).

Majang the Skirmisher (Ogre Delver)                 Turns: 6924, Time: 00:29:22

Health: 0/93       AC:  4    Str: 21    XL:     9   Next: 7%
Magic:  11/11      EV: 10    Int: 11    God:    Qazlal [......]
Gold:   184        SH:  0    Dex: 10    Spells: 8/8 levels left

rFire   . . .      SeeInvis .   b - +10 dark maul {vorpal}
rCold   . . .      Faith    .   (shield currently unavailable)
rNeg    . . .      Spirit   .   j - +1 robe
rPois   .          Reflect  .   (helmet restricted)
rElec   .          Harm     .   (no cloak)
rCorr   +          Rampage  .   (gloves unavailable)
Will    .....                   (boots unavailable)
Stlth   ++........              (no amulet)
HPRegen 0.25/turn               p - ring of resist corrosion
MPRegen 0.12/turn               (no ring)

@: no status effects
A: large, unfitting armour, tough skin 1
a: Renounce Religion


You were on level 6 of the Dungeon.
You worshipped Qazlal.
Qazlal was noncommittal.
You visited 2 branches of the dungeon, and saw 7 of its levels.

You collected 184 gold pieces.

Inventory:

Hand Weapons
 a - a +0 flail
 b - the +10 dark maul (weapon) {vorpal}
   (You acquired it on level 4 of the Dungeon)

   It inflicts extra damage upon your enemies.
 n - a +1 giant spiked club
 o - a +1 whip of electrocution
 t - a +0 hand axe of flaming
Missiles
 m - 4 boomerangs (quivered)
 w - a throwing net
 z - 19 poisoned darts
Armour
 j - a +1 robe (worn)
Jewellery
 p - a ring of resist corrosion (left hand)
 r - an amulet of magic regeneration
 s - a ring of ice
Wands
 g - a wand of digging (3)
 i - a wand of paralysis (7)
 x - a wand of flame (8)
Scrolls
 c - a scroll of fog
 d - a scroll of magic mapping
 e - a scroll of fear
 A - a scroll of teleportation
Potions
 h - a potion of lignification
 k - a potion of heal wounds
 l - 2 potions of brilliance
 q - a potion of flight
 u - a potion of mutation {unknown}
 v - a potion of haste
 B - a potion of curing {unknown}


   Skills:
 + Level 7.4 Fighting
 * Level 6.4 Maces & Flails
 * Level 4.0 Throwing
 + Level 2.2 Armour
 + Level 3.2 Dodging
 - Level 4.0 Stealth
 + Level 3.0 Invocations
 + Level 2.3 Evocations


You had 8 spell levels left.
You didn't know any spells.
Your spell library was empty.

Dungeon Overview and Level Annotations

Branches:
Dungeon (6/15)             Temple (1/1) D:4

Altars:
Cheibriados
Dithmenos
Fedhas
Gozag
Hepliaklqana
Okawaru
Qazlal
Ru
Sif Muna
Trog
Vehumet
Xom
The Shining One


Innate Abilities, Weirdness & Mutations

You are too large for most types of armour.
You have tough skin. (AC +1)


Message History

You destroy the phantom!
Qazlal accepts your kill.
Your Throwing skill increases to level 4!
Your Invocations skill increases to level 3!
There is an open door here.
You start resting.
HP restored.
a - a +0 flail (weapon)
There is an open door here.
An orc comes into view.
It is wielding a +0 hand axe of flaming.
Throw: 5 boomerangs
Press: ? - help, Q - select action, (/) - cycle Shift-Dir - straight line, f - orc
Aim: an orc, wielding a +0 hand axe of flaming (asleep, 98% to hit)
You throw a boomerang. The boomerang hits the orc.
The orc shouts!
The orc is moderately wounded.
You hear a shout!
There is an open door here.
b - the +10 dark maul (weapon)
{vorpal} You hammer the orc like a gong!!!
You kill the orc!
Qazlal accepts your kill.
Things that are here:
a +0 hand axe of flaming; an orc corpse
t - a +0 hand axe of flaming Drop what? 28/52 slots (_ for help) (? for menu, Esc to quit)
You drop a +0 mace.
You drop a +1 scythe of flaming.
There is an open door here.
The two-headed ogre shouts in stereo!
You barely miss the two-headed ogre.
The two-headed ogre hits you with a +0 giant club!!
The two-headed ogre hits you with a +0 giant spiked club!!
The two-headed ogre hits you with a +0 giant club!
The two-headed ogre hits you with a +0 giant spiked club!
* * * LOW HITPOINT WARNING * * *
You bludgeon the two-headed ogre!!
The two-headed ogre is severely wounded.
The two-headed ogre hits you with a +0 giant club!!
You die...

.. .... ..# #. ..#
#..#
#.######O#####...#
#................#
#.....#....#.....#
#.....####.......#
+..........#######
#..........# .
#....@O....# ..
####'#.....#
...##..)#.....#
).......#.....#
........######..
...........<.#...
.............#....
.............#....
...##...##...#


You could see a two-headed ogre.

Vanquished Creatures
  Grinder (D:5)
  Sigmund (D:2)
  2 sky beasts (D:5)
  A black bear (D:5)
  2 ogres
  A kobold brigand (D:5)
  3 phantoms
  2 scorpions
  A water moccasin zombie (D:3)
  A water moccasin skeleton (D:5)
  A centaur zombie (D:4)
  2 hounds
  2 orc priests (D:3)
  2 centaur skeletons (D:4)
  An iguana (D:5)
  Natasha (thrice) (D:2)
  A hound skeleton (D:4)
  6 adders
  A white imp (D:5)
  An ufetubus (D:5)
  A worm (D:3)
  10 orcs
  2 ball pythons
  5 endoplasms
  2 giant cockroaches (D:2)
  4 goblins
  10 hobgoblins
  10 kobolds
  4 quokkas
  3 bats
  2 frilled lizards
  6 rats
94 creatures vanquished.

Vanquished Creatures (others)
  14 plants (D:5)
14 creatures vanquished.

Grand Total: 108 creatures vanquished

Notes
Turn   | Place    | Note
-------+----------+-------------------------------------------
     0 | D:5      | Majang the Ogre Delver began the quest for the Orb.
     0 | D:5      | Reached XP level 1. HP: 24/24 MP: 1/1
    21 | D:5      | Noticed a black bear
    42 | D:4      | Reached XP level 2. HP: 26/33 MP: 2/2
   160 | D:4      | Reached XP level 3. HP: 24/40 MP: 3/3
   327 | D:4      | Reached skill level 5 in Fighting
   327 | D:4      | Reached XP level 4. HP: 21/50 MP: 4/4
   779 | D:4      | Noticed a phantom
   803 | D:4      | Killed a phantom
   804 | D:4      | Reached XP level 5. HP: 17/57 MP: 5/5
  1100 | D:4      | Noticed an ogre
  1109 | D:4      | Killed an ogre
  1110 | D:4      | Reached XP level 6. HP: 67/67 MP: 6/6
  1172 | D:3      | Reached skill level 6 in Fighting
  1970 | D:1      | Found a faded altar of an unknown god.
  2119 | D:2      | Noticed Natasha
  2124 | D:2      | Killed Natasha
  2125 | D:2      | Reached skill level 5 in Maces & Flails
  2126 | D:2      | Noticed Sigmund
  2171 | D:2      | Noticed Natasha
  2261 | D:2      | Killed Natasha
  2463 | D:2      | Noticed Natasha
  2471 | D:2      | Killed Natasha
  3012 | D:2      | Killed Sigmund
  3013 | D:2      | Reached skill level 1 in Throwing
  3013 | D:2      | Reached skill level 1 in Invocations
  3013 | D:2      | Reached XP level 7. HP: 72/76 MP: 7/7
  3035 | D:2      | You fall into a shaft and drop 1 floor!
  3035 | D:3      | Found a snail-covered altar of Cheibriados.
  3935 | D:3      | Found a stormy altar of Qazlal.
  3942 | D:3      | Became a worshipper of Qazlal Stormbringer
  4556 | D:2      | Reached skill level 1 in Armour
  4737 | D:4      | Identified a scroll of acquirement
  4737 | D:4      | Acquired the +10 dark maul {vorpal}
  4737 | D:4      | Found the +10 dark maul {vorpal}
  4782 | D:4      | Found a staircase to the Ecumenical Temple.
  4828 | Temple   | Entered the Ecumenical Temple
  4953 | D:4      | Reached skill level 1 in Evocations
  5615 | D:5      | Reached XP level 8. HP: 84/84 MP: 9/9
  5856 | D:5      | Noticed Grinder
  5857 | D:5      | Found a shadowy altar of Dithmenos.
  5860 | D:5      | Found a sacrificial altar of Ru.
  5863 | D:5      | Killed Grinder
  5864 | D:5      | Reached skill level 7 in Fighting
  6344 | D:5      | Reached XP level 9. HP: 50/93 MP: 11/11
  6761 | D:6      | Noticed a two-headed ogre
  6924 | D:6      | Slain by a two-headed ogre

Illustrated notes

Levels and vault maps discovered:
D:1:      psy_arrival_whirlpool, layout_basic, basic_ecumenical_altar,
          st_stairs_12
D:2:      layout_basic, uniq_natasha, uniq_sigmund
D:3:      layout_loops_ring, general_overflow_altar, grunt_qazlal_sundering,
          hangedman_glass_teeth
D:4:      layout_basic, minmay_temple_entry_drinking_statues
D:5:      layout_cave_pools, mainiacjoe_overflow_paths,
          nicolae_overflow_crystal_walls, serial_column_ruins, column_ruins_hut,
          column_ruins_open_tiny, column_ruins_corridor_dead_end,
          column_ruins_open_tiny, column_ruins_open_tiny,
          column_ruins_columns_straight, column_ruins_open_tiny,
          column_ruins_grid_2, lexackson_kobold_supper, uniq_grinder
D:6:      layout_gridville, minmay_ruined_shrine, uniq_maggie
Temple:   nicolae_temple_figure_zero

Skill      XL: |  1  2  3  4  5  6  7  8  9 |
---------------+----------------------------+-----
Maces & Flails | 2 3 4 5 6 |  6.4
Fighting       | 5 6 7 |  7.4
Throwing       | 1 2 3 4 |  4.0
Dodging        | 2 3 |  3.2
Invocations    | 1 2 3 |  3.0
Armour         | 1 2 |  2.2
Stealth        | 4 |  4.0
Evocations     | 1 2 |  2.3

Action                   |  1- 3 |  4- 6 |  7- 9 || total
-------------------------+-------+-------+-------++-------
Melee: Mace              |    23 |    18 |       ||    41
       Flail             |       |   113 |   126 ||   239
       Maul              |       |       |    23 ||    23
Throw: Boomerang         |       |     8 |    15 ||    23
       Dart              |       |       |    21 ||    21
Evoke: Wand              |       |    10 |       ||    10
  Use: Potion            |     1 |     1 |     5 ||     7
       Scroll            |       |       |     8 ||     8
 Stab: Sleeping          |     1 |     7 |     1 ||     9
       Paralysed         |       |     2 |       ||     2
Armor: Robe              |     9 |    33 |    64 ||   106
Dodge: Dodged            |    15 |    54 |    94 ||   163

Table legend: (Time is in decaauts)
 A = Elapsed time spent in this place.
 B = Non-inter-level travel time spent in this place.
 C = Inter-level travel time spent in this place.
 D = Time resting spent in this place.
 E = Time spent auto-exploring this place.
 F = Levels seen in this place.
 G = Mean time per level.
                   A        B        C        D        E       F      G
               +--------+--------+--------+--------+--------+-----+--------+
         Total |   6990 |   6737 |    253 |   2964 |   1777 |   7 |  998.6 |
       Dungeon |   6896 |   6643 |    253 |   2964 |   1777 |   6 | 1149.3 |
        Temple |     93 |     93 |      0 |      0 |      0 |   1 |   93.0 |
               +--------+--------+--------+--------+--------+-----+--------+

Top non-repeatable levels by time:
     D:3: 1872 daAuts
     D:4: 1694 daAuts
     D:2: 1255 daAuts
     D:5: 1181 daAuts
     D:1: 706 daAuts
     D:6: 186 daAuts
  Temple: 93 daAuts
